AoeStats
← -.-D-.-i-.-E-.-k-.-Q-.-u-.-ÄsM-

Arabia

504858443Analyzed
2v2 RM · 25d ago on Sep 6, 2026· 16m 48s· 4 players
Game mode
Random Map
Map size
Medium (4 player)
Population
200
Speed
Normal
Resources
Standard
Victory
Conquest
Starting age
Dark Age
Ending age
Imperial Age
RankedLock teamsTeams togetherTeam positionsShared explorationLock speedFull tech treeHidden civsTurbo modeCheats
Victory
Defeat
1092
+16
🇨🇱 Romans · Chile
1046
+29
🇺🇸 Gurjaras · United States
1093
-17
🇺🇸 Khmer · United States
1074
-16
jmatias
6:34 Loom
10:19 Feudal Age
10:47 Horse Collar
10:54 Double-Bit Axe
14:11 Scale Barding Armor
15:42 Forging
16:38 Wheelbarrow
-.-D-.-i-.-E-.-k-.-Q-.-u-.-ÄsM-
9:59 Loom
11:44 Feudal Age
13:04 Double-Bit Axe
15:21 Fletching
Spaceman Spiff
2:28 Loom
10:36 Feudal Age
KING ROMA
8:11 Loom
10:31 Feudal Age
11:37 Double-Bit Axe
16:44 Fletching
Connection lost

Rejoining the realm…

Still unreachable

The connection could not be restored.

Session expired

The server has moved on; the page needs a fresh start.